cohdb
Replays
Latest Replays
All Replays
Popular Replays
Top Player Replays
Match Explorer
How It Works
Community
CoH3 Stats
Reddit
Sign in to upload your games and track your stats! →
Sign in with Steam
Match 46281125
Unlisted
Match 46281125
Overview
Messages
Build Orders
End
Construct Barracks
Selects Advanced Infantry Battlegroup
Riflemen Squad
Riflemen Squad
Riflemen Squad
Construct Medical Station
M1 Mortar Team
Infantry Support Center
Riflemen Squad
Grenade Package
Construct Weapon Support Center
Bazooka Squad
Advanced Logistics
Selects Convert to Ranger Squad
Selects Ammunition Storage
Selects Designate Assault Position
Improved M9 Bazooka Rockets
Convert to Ranger Squad
Selects Ranger Weapon Training
Convert to Ranger Squad
Construct Tank Depot
Construct Motor Pool
M1 Anti-tank Gun Team
Engineer Squad
MasterStef
Nico-Nico-Nii~~
0
0
Comments
sign in to comment!
No comments posted yet!